 Dungeon Crawl Stone Soup version 0.29.1-15-g9cfb28693d (webtiles) character file.

Game seed: 11392307777452218743

63 Mysteryquy the Covered (level 4, -2/28 HPs)
             Began as a Gargoyle Fighter on Apr 25, 2023.
             Slain by an ogre
             ... wielding a +0 giant club
              (11 damage)
             ... on level 3 of the Dungeon.
             The game lasted 00:03:32 (2583 turns).

Mysteryquy the Covered (Gargoyle Fighter)           Turns: 2583, Time: 00:03:33

Health: -2/28      AC: 10    Str: 21    XL:     4   Next: 9%
Magic:  4/4        EV:  9    Int:  9    God:
Gold:   43         SH:  4    Dex:  9    Spells: 3/3 levels left

rFire   . . .      SeeInvis .   a - +0 flail
rCold   . . .      Faith    .   c - +0 buckler
rNeg    + . .      Spirit   .   b - +0 scale mail
rPois   ∞          Reflect  .   (no helmet)
rElec   +          Harm     .   (no cloak)
rCorr   .          Rampage  .   (no gloves)
Will    .....                   (no boots)
Stlth   ..........              l - amulet of magic regeneration
HPRegen 0.09/turn               (no ring)
MPRegen 0.49/turn               (no ring)

@: no status effects
A: sickness immunity, AC +3, negative energy resistance 1, electricity
resistance, torment resistance 1, petrification resistance
a: no special abilities


You were on level 3 of the Dungeon.
You visited 1 branch of the dungeon, and saw 3 of its levels.

You collected 43 gold pieces.

Inventory:

Hand Weapons
 a - a +0 flail (weapon)
Missiles
 o - 13 stones (quivered)
 t - 2 poisoned darts
Armour
 b - a +0 scale mail (worn)
 c - a +0 buckler (worn)
Jewellery
 l - an amulet of magic regeneration (around neck)
 s - a ring of fire
Scrolls
 f - 4 scrolls of teleportation {unknown}
 i - 2 scrolls of enchant armour {unknown}
 j - a scroll of torment {unknown}
 k - 3 scrolls of identify {unknown}
 m - 2 scrolls of fear {unknown}
 v - a scroll of fog {unknown}
Potions
 d - a potion of might
 e - a potion of cancellation {unknown}
 g - 3 potions of curing {unknown}
 h - a potion of brilliance {unknown}
 n - a potion of lignification {unknown}
 p - a potion of heal wounds {unknown}
 q - a potion of haste {unknown}
 r - a potion of attraction {unknown}
 u - a potion of ambrosia {unknown}
 w - a potion of invisibility {unknown}


   Skills:
 + Level 3.5 Fighting
 + Level 2.6 Maces & Flails
 + Level 4.1 Armour
 + Level 0.1 Dodging
 + Level 0.2 Stealth
 + Level 3.9 Shields


You had 3 spell levels left.
You didn't know any spells.
Your spell library contained the following spells:

 Spells                   Type           Power      Damage    Failure   Level
 Apportation              Tloc           0%         N/A       80%         1
 Freeze                   Ice            0%         1d3       80%         1
 Necrotise                Necr           0%         1d4       80%         1
 Summon Small Mammal      Summ           0%         N/A       80%         1
 Frozen Ramparts          Ice            0%         1d1       99%         3
 Hailstorm                Conj/Ice       0%         3d3       100%        4


Dungeon Overview and Level Annotations

Branches:
Dungeon (3/15)

Altars:
The Shining One


Innate Abilities, Weirdness & Mutations

You are immune to sickness and miasma.
Your stone body is resilient. (AC +3)
You are immune to poison.
You resist negative energy. (rN+)
You are resistant to electric shocks. (rElec)
You are resistant to unholy torment.
You are immune to petrification.


Message History

You now have 43 gold pieces (gained 8).
You see here a +0 falchion.
i - 2 scrolls labelled FEPEIGGYZYSM (gained 1)
v - a scroll labelled TITHROASOPA No target in view!
No target in view!
Found a stone staircase leading down.
w - a bubbling orange potion No target in view!
Found a stone staircase leading up.
No target in view!
No target in view!
Found a stone staircase leading up.
k - 3 scrolls labelled FITEFF VOEGIFY (gained 1)
You open the door.
An ogre comes into view. It is wielding a +0 giant club.
The ogre shouts!
There is an open door here.
You hit the ogre.
The ogre is lightly wounded.
The ogre hits you with a +0 giant club!
Ouch! That really hurt!
You barely miss the ogre.
The ogre is lightly wounded.
The ogre closely misses you.
You hit the ogre but do no damage.
The ogre is lightly wounded.
The ogre barely misses you.
You hit the ogre.
The ogre is lightly wounded.
You hit the ogre.
The ogre is moderately wounded.
The ogre hits you with a +0 giant club.
You sock the ogre!
The ogre is heavily wounded.
The ogre barely misses you.
You sock the ogre!
The ogre is almost dead.
The ogre hits you with a +0 giant club!
You die...

#...<#.#.#
###........#
###..........#
#............#
#.#..........##.
# #.......<.....
#.........#.
#.........#
######@#### #O#
#.# ..# ###


You could see an ogre.

Vanquished Creatures
  An adder (D:2)
  A worm (D:2)
  2 dart slugs (D:1)
  2 orcs (D:3)
  3 endoplasms
  A giant cockroach (D:1)
  4 goblins (D:1)
  6 hobgoblins
  2 quokkas (D:1)
  7 ball pythons
  2 bats (D:1)
  2 frilled lizards
  5 kobolds
  5 rats
43 creatures vanquished.

Vanquished Creatures (others)
  5 withered plants (D:1)
5 creatures vanquished.

Grand Total: 48 creatures vanquished

Notes
Turn   | Place    | Note
-------+----------+-------------------------------------------
     0 | D:1      | Mysteryquy the Gargoyle Fighter began the quest for the
                  | Orb.
     0 | D:1      | Reached XP level 1. HP: 14/14 MP: 1/1
   315 | D:1      | Reached XP level 2. HP: 19/19 MP: 2/2
   880 | D:1      | Found a faded altar of an unknown god.
  1009 | D:1      | Reached XP level 3. HP: 20/23 MP: 3/3
  1240 | D:1      | You fall into a shaft and drop 1 floor!
  1240 | D:2      | Found a glowing golden altar of the Shining One.
  1913 | D:2      | Reached skill level 4 in Armour
  2168 | D:3      | Reached XP level 4. HP: 23/28 MP: 4/4
  2575 | D:3      | Noticed an ogre
  2583 | D:3      | Slain by an ogre

Illustrated notes

Levels and vault maps discovered:
D:1:      lightli_arrival_chessboard, layout_basic,
          ebering_ecumenical_altar_petrified, minmay_misc_feat_chi
D:2:      wander_river, layout_basic, basic_altar
D:3:      layout_basic, minmay_diced_spiral

Skill      XL: |  1  2  3 |
---------------+----------+-----
Armour         | 4 |  4.1
Fighting       | |  3.5
Maces & Flails | |  2.6
Dodging        | |  0.1
Stealth        | |  0.2
Shields        | |  3.9

Action                   |  1- 3 |  4- 6 || total
-------------------------+-------+-------++-------
Melee: Flail             |   119 |    20 ||   139
Throw: Stone             |     4 |       ||     4
Armor: Scale mail        |    48 |     4 ||    52
Dodge: Dodged            |    57 |     6 ||    63
Block: Buckler           |    26 |     3 ||    29
